 Dungeon Crawl Stone Soup version 0.28-a0-563-gf77a47075d (webtiles) character file.

Game seed: 12546733162346897148

7620 sanka the Fighter (level 10, -4/93 HPs)
             Began as a Palentonga Abyssal Knight on Sept 30, 2021.
             Was an Elder of Lugonu.
             Slain by a hornet (14 damage)
             ... on level 9 of the Dungeon.
             The game lasted 00:25:54 (14363 turns).

sanka the Fighter (Palentonga Abyssal Knight)      Turns: 14363, Time: 00:25:55

Health: -4/93      AC: 15    Str: 19    XL:     10   Next: 98%
Magic:  15/16      EV: 13    Int: 10    God:    Lugonu [****..]
Gold:   556        SH:  4    Dex: 12    Spells: 9/9 levels left

rFire   + . .      SeeInvis +   a - +1 war axe (vorpal)
rCold   . . .      Faith    .   g - +0 buckler
rNeg    . . .      Spirit   .   e - +1 leather armour {rF+}
rPois   .          Reflect  .   c - +0 helmet
rElec   .          Harm     .   F - +0 cloak
rCorr   .          Rampage  .   K - +0 pair of gloves
Will    .....                   (no barding)
Stlth   +.........              (no amulet)
HPRegen 0.25/turn               n - +4 ring of evasion
MPRegen 0.15/turn               (no ring)

@: lethally poisoned (-4 -> -5), slowed, curled up, very slow
A: large, rugged brown scales 3, see invisible, deformed body, roll 1, armoured
tail, reflexive curl
a: Rolling Charge, Renounce Religion, Depart the Abyss, Bend Space, Banish,
Corrupt


You were on level 9 of the Dungeon.
You worshipped Lugonu.
Lugonu was greatly pleased with you.
You visited 1 branch of the dungeon, and saw 9 of its levels.
You visited the Abyss 1 time.

You collected 619 gold pieces.
You spent 63 gold pieces at shops.


Innate Abilities, Weirdness & Mutations

You are completely covered in rugged brown scales. (AC +3, +7% HP)
You have supernaturally acute eyesight. (SInv)
Armour fits poorly on your strangely shaped body.
You can roll at nearby foes to attack.
You have a long armoured tail.
You curl defensively after being hit.


   Skills:
 + Level 11.1 Fighting
 + Level 10.9 Axes
 - Level 1.5 Armour
 - Level 0.7 Dodging
 - Level 2.4 Shields
 - Level 8.0 Invocations


You had 9 spell levels left.
You didn't know any spells.
Your spell library contained the following spells:

 Spells                   Type           Power      Damage    Failure   Level
 Apportation              Tloc           0%         N/A       41%         1
 Pain                     Necr           0%         1d4       41%         1
 Sting                    Tmut/Pois      0%         1d3       41%         1
 Poisonous Vapours        Pois/Air       0%         N/A       56%         2
 Conjure Flame            Conj/Fire      0%         6-21      80%         3
 Gell's Gravitas          Tloc           0%         N/A       80%         3
 Ignite Poison            Fire/Tmut/Pois 0%         N/A       80%         3
 Teleport Other           Tloc           0%         N/A       80%         3
 Leda's Liquefaction      Hex/Erth       0%         N/A       99%         4
 Olgreb's Toxic Radiance  Pois           0%         N/A       99%         4
 Sticky Flame             Conj/Fire      0%         2d3       99%         4
 Agony                    Necr           0%         N/A       100%        5
 Alistair's Intoxication  Tmut/Pois      0%         N/A       100%        5
 Excruciating Wounds      Necr           0%         N/A       100%        5
 Lee's Rapid Deconstruct  Erth           0%         3d5*      100%        5
 Dispersal                Tloc           0%         N/A       100%        6
 Invisibility             Hex            0%         N/A       100%        6
 Statue Form              Tmut/Erth      0%         N/A       100%        6
 Malign Gateway           Summ/Tloc      0%         N/A       100%        7
 Summon Horrible Things   Summ           0%         N/A       100%        8

Inventory:

Hand Weapons
 a - a +1 vorpal war axe (weapon)
 b - a +4 whip of venom
 f - a +0 morningstar
 G - a +1 whip of distortion
Armour
 c - a +0 helmet (worn)
 e - a +1 leather armour of fire resistance (worn)
 g - a +0 buckler (worn)
 u - a scarf of invisibility
 F - a +0 cloak (worn)
 K - a +0 pair of gloves (worn)
Magical Staves
 l - a staff of fire
Jewellery
 n - a +4 ring of evasion (left hand)
Wands
 j - a wand of paralysis (4)
 q - a wand of digging (2)
 C - a wand of polymorph (7)
 J - a wand of iceblast (12)
Scrolls
 d - 4 scrolls of amnesia
 i - a scroll of fog
 o - a scroll of fear {unknown}
 p - 5 scrolls of teleportation {@r4}
 s - a scroll of enchant armour
 v - a scroll of acquirement {unknown}
 w - a scroll of silence {unknown}
 x - a scroll of enchant weapon
 y - 2 scrolls of vulnerability {!r}
 I - 2 scrolls of magic mapping
 L - a scroll of blinking {unknown}
Potions
 h - 11 potions of ambrosia
 k - a potion of mutation {unknown}
 m - 2 potions of might
 r - 2 potions of haste {@q3}
 t - 2 potions of heal wounds {@q2}
 z - a potion of lignification {unknown}
 A - a potion of cancellation {unknown}
 D - a potion of brilliance {unknown}
 H - a potion of flight {unknown}

Dungeon Overview and Level Annotations

Branches:
Dungeon (9/15)             Temple (0/1) D:7            Lair (0/6) D:8
    Orc (0/2) D:9

Altars:
Cheibriados
Elyvilon
Fedhas
Nemelex Xobeh
Qazlal
Trog
Xom

Shops:
D:8 *

Portals:
Abyss: D:3

Annotations:
Abyss:1 sn0wgr3's ghost, novice GrFi

.▒.....▒.▒.▒.▒.▒.▒.......▒▒▒▒▒▒
▒▒▒...▒.▒.▒.▒.▒.▒.▒).....▒
▒▒▒▒.▒.▒.▒.▒.▒.▒▒▒▒▒'▒▒▒ .. ▒
▒▒.▒.▒.▒.▒.▒.▒▒▒..▒ ▒▒▒.▒ ▒▒
▒.▒.▒.▒.▒.▒.▒▒▒..▒▒ ▒.... .▒
▒.....▒.▒▒▒▒▒▒▒[▒▒▒ ▒.}.. .▒▒▒
▒.▒▒▒.▒.▒▒▒ ▒..[..▒ ▒....
...▒▒▒.....▒.'.▒▒▒.....▒▒▒▒▒▒....
...[.'.▒▒▒▒▒.▒..HyY....'....▒....
.>.[▒▒.......▒▒▒▒▒...............
....▒▒▒▒▒▒▒▒.▒ ▒....▒.▒.▒.▒....
....▒▒...▒...▒ ▒▒'.▒▒+▒▒▒▒▒▒.▒▒
▒▒▒▒▒▒.▒.▒.▒▒▒ ▒...▒ ▒..▒
▒.▒.....▒ ▒..▒▒ ▒▒.▒ ▒▒▒▒'▒▒▒▒
▒...▒ ▒..▒ ▒..▒ ▒..▒▒ ▒▒†▒▒
▒▒▒'▒▒▒▒▒ ▒.o.▒ ▒...▒


You could see a yak and a hornet.


Message History

You slash the killer bee!
You kill the killer bee!
Lugonu accepts your kill.
You feel very sick.
The killer bee stings you but does no damage.
The killer bee stings you but does no damage.
You miss the killer bee.
You feel sick.
The killer bee stings you but does no damage.
The killer bee stings you.
* * * LOW HITPOINT WARNING * * *
The killer bee stings you but does no damage.
You slice the killer bee!!
You kill the killer bee!
Lugonu accepts your kill.
You feel sick. The hornet closely misses you.
You barely miss the hornet.
The hornet is severely wounded.
You feel sick. You block the hornet's attack. The hornet stings you!
* * * LOW HITPOINT WARNING * * *
You feel as though you will be slow longer.
You closely miss the hornet. You tail-slap the hornet.
The hornet is severely wounded.
You feel sick. The hornet stings you!
You die...

Action                   |  1- 3 |  4- 6 |  7- 9 | 10-12 || total
-------------------------+-------+-------+-------+-------++-------
Melee: Hand axe          |    79 |   106 |   273 |       ||   458
       Tailslap          |    10 |     9 |    74 |    29 ||   122
       Dagger            |       |     8 |   136 |       ||   144
       War axe           |       |       |    55 |   171 ||   226
Invok: Depart the Abyss  |     1 |       |       |       ||     1
       Banish            |       |       |     5 |     3 ||     8
 Abil: Rolling Charge    |    24 |    11 |    25 |    10 ||    70
Evoke: Wand              |       |       |     1 |       ||     1
  Use: Scroll            |       |     2 |    10 |     1 ||    13
       Potion            |       |       |     2 |     1 ||     3
 Stab: Paralysed         |       |       |     5 |       ||     5
Armor: Leather armour    |    33 |    38 |   147 |    44 ||   262
Dodge: Dodged            |    44 |    37 |   235 |   116 ||   432
Block: Buckler           |     2 |    18 |    91 |    30 ||   141

Levels and vault maps discovered:
D:1:      evilmike_arrival_plus, layout_loops_ring, grunt_decor_clamped,
          minmay_crystal_water, minmay_pentomino_p4
D:2:      layout_rooms, basic_ecumenical_altar, uniq_natasha
D:3:      layout_basic, grunt_temple_overflow_forces_of_nature,
          gammafunk_ghost_abyssal_escape, interstate_on_off, uniq_grinder,
          uniq_jessica, uniq_ijyb
D:4:      layout_loops_cross, chequers_temple_overflow_statue_of_worship,
          chequers_serial_rivers_large_b, grunt_decor_cap,
          uniq_crazy_yiuf_cottage, uniq_eustachio, uniq_sigmund
D:5:      layout_basic, minmay_lizard_king
D:6:      corexii_shantytown, layout_basic
D:7:      layout_basic, minmay_temple_entry_stoned_glass
D:8:      layout_loops_corners, mainiacjoe_overflow_cross_hatched,
          lair_entry_dummy, serial_shops, shop, uniq_psyche
D:9:      layout_roguey [special_room_bee], minmay_orc_entry_temple_small,
          minivault_23, onia_ninara_cookie

Notes
Turn   | Place    | Note
-------+----------+-------------------------------------------
     0 | Abyss:1  | sanka the Palentonga Abyssal Knight began the quest for the
                  | Orb.
     0 | Abyss:1  | Reached XP level 1. HP: 19/19 MP: 2/2
    40 | Abyss:1  | Noticed a quasit
    48 | D:1      | Escaped the Abyss
   116 | D:1      | Reached * piety under Lugonu
   209 | D:1      | Reached XP level 2. HP: 20/25 MP: 4/4
   211 | D:1      | Reached skill level 3 in Invocations
  1033 | D:2      | Found a faded altar of an unknown god.
  1044 | D:2      | Reached XP level 3. HP: 22/31 MP: 5/5
  1213 | D:2      | Reached skill level 4 in Invocations
  1365 | D:2      | Noticed Natasha
  1544 | D:2      | Killed Natasha
  1545 | D:2      | Reached skill level 1 in Shields
  1545 | D:2      | Reached XP level 4. HP: 29/37 MP: 7/7
  1631 | D:2      | Noticed Natasha
  1664 | D:2      | Killed Natasha
  1669 | D:2      | Noticed Natasha
  1767 | D:2      | Killed Natasha
  1997 | D:3      | Found a stormy altar of Qazlal.
  2000 | D:3      | Found a blossoming altar of Fedhas.
  2113 | D:3      | Noticed a kobold brigand
  2116 | D:3      | Found a transporter.
  2122 | D:3      | Noticed Ijyb
  2180 | D:3      | Reached ** piety under Lugonu
  2217 | D:3      | Noticed Jessica
  2218 | D:3      | Killed Jessica
  2219 | D:3      | Reached skill level 2 in Shields
  2219 | D:3      | Reached skill level 5 in Invocations
  2219 | D:3      | Reached XP level 5. HP: 43/43 MP: 8/8
  2280 | D:3      | Noticed Grinder
  2430 | D:3      | Found a transporter.
  2479 | D:3      | Paralysed by Ijyb for 2 turns
  2492 | D:3      | Killed Ijyb
  2593 | D:3      | Found a one-way gate to the infinite horrors of the Abyss.
  2598 | D:3      | Noticed sn0wgr3's ghost (novice GrFi)
  3332 | D:4      | Reached XP level 6. HP: 32/50 MP: 10/10
  3530 | D:4      | Reached skill level 6 in Invocations
  3532 | D:4      | Noticed Eustachio
  3583 | D:4      | Killed Eustachio
  3584 | D:4      | Reached skill level 7 in Invocations
  3775 | D:4      | Gained mutation: You curl defensively after being hit.
                  | [Palentonga growth]
  3775 | D:4      | Reached XP level 7. HP: 38/55 MP: 12/12
  4085 | D:4      | Found a sparkling altar of Nemelex Xobeh.
  4085 | D:4      | Found a shimmering altar of Xom.
  4087 | D:4      | Found a bloodstained altar of Trog.
  4087 | D:4      | Found a white marble altar of Elyvilon.
  4141 | D:4      | Found a runed translucent door.
  4142 | D:4      | Noticed Crazy Yiuf
  4274 | D:4      | Noticed Sigmund
  4295 | D:4      | Killed Sigmund
  4296 | D:4      | Reached skill level 8 in Invocations
  4663 | D:5      | Entered Level 5 of the Dungeon
  4894 | D:5      | Reached skill level 3 in Axes
  5264 | D:5      | Reached skill level 4 in Fighting
  5380 | D:5      | Reached *** piety under Lugonu
  5811 | D:5      | Reached skill level 4 in Axes
  5811 | D:5      | Reached XP level 8. HP: 26/65 MP: 11/14
  6097 | D:6      | Reached skill level 5 in Fighting
  6975 | D:6      | Reached skill level 5 in Axes
  7941 | D:7      | Reached skill level 6 in Fighting
  8437 | D:7      | Reached skill level 6 in Axes
  8483 | D:7      | Found a staircase to the Ecumenical Temple.
  8842 | D:7      | Noticed a hornet
  8850 | D:7      | Killed a hornet
  8851 | D:7      | Reached skill level 7 in Fighting
  8851 | D:7      | Reached XP level 9. HP: 77/77 MP: 15/15
  9115 | D:4      | Killed Crazy Yiuf
  9522 | D:3      | Banished sn0wgr3's ghost
  9523 | D:3      | Reached skill level 7 in Axes
  9616 | D:3      | Found a one-way gate to the infinite horrors of the Abyss.
  9649 | D:3      | Found a transporter.
  9650 | D:3      | Found a transporter.
  9953 | D:3      | Found a blossoming altar of Fedhas.
  9957 | D:3      | Paralysed by Grinder for 5 turns
  9963 | D:3      | Found a stormy altar of Qazlal.
  9966 | D:3      | Killed Grinder
 10117 | D:8      | Noticed Psyche
 10142 | D:8      | Killed Psyche
 10143 | D:8      | Reached skill level 8 in Fighting
 10264 | D:8      | Reached skill level 8 in Axes
 10405 | D:8      | Identified the +1 robe "Jusettue" {Harm rN++ Str-3
                  | Archmagi}
 10457 | D:8      | Found Myubuaf's General Store.
 10940 | D:8      | Found a staircase to the Lair.
 11270 | D:8      | Found a snail-covered altar of Cheibriados.
 11749 | D:8      | Bought a +0 pair of gloves for 63 gold pieces
 11813 | D:9      | Reached skill level 9 in Fighting
 12047 | D:8      | Reached XP level 10. HP: 54/88 MP: 16/16
 12199 | D:9      | Reached skill level 9 in Axes
 12771 | D:9      | HP: 5/89 [orc warrior (5)]
 13288 | D:9      | Found a staircase to the Orcish Mines.
 13389 | D:9      | Identified +0 steam dragon scales
 13390 | D:9      | Reached skill level 10 in Fighting
 13978 | D:9      | Reached **** piety under Lugonu
 13979 | D:9      | Reached skill level 10 in Axes
 14336 | D:9      | Noticed a two-headed ogre
 14345 | D:9      | Banished a two-headed ogre
 14346 | D:9      | Reached skill level 11 in Fighting
 14363 | D:9      | Slain by a hornet

Vanquished Creatures
  Psyche (D:8)
  Grinder (D:3)
  A queen bee (D:9)
  A hornet (D:7)
  Sigmund (D:4)
  2 wyverns (D:9)
  A yak (D:9)
  Eustachio (D:4)
  A steam dragon (D:9)
  A water moccasin (D:8)
  7 orc warriors
  An ogre (D:5)
  A necrophage (D:6)
  5 centaurs
  A phantom (D:4)
  2 kobold brigands
  4 bullfrogs
  A scorpion (D:6)
  A water moccasin zombie (D:6)
  A wyvern skeleton (D:6)
  29 killer bees (D:9)
  8 howler monkeys
  5 centaur zombies
  A hound (D:6)
  A quasit (D:3)
  3 centaur skeletons
  Crazy Yiuf (D:4)
  4 orc priests
  Ijyb (D:3)
  Jessica (D:3)
  2 iguanas
  Natasha (thrice) (D:2)
  11 orc wizards
  A hound skeleton (D:4)
  2 howler monkey zombies
  5 gnolls
  A howler monkey skeleton (D:6)
  4 adders
  A white imp (D:3)
  An ufetubus (D:3)
  A worm (D:3)
  A dart slug (D:2)
  36 orcs
  3 bats
  3 endoplasms
  3 giant cockroaches
  16 hobgoblins
  2 jackals (D:3)
  21 kobolds
  4 quokkas
  10 ball pythons
  6 frilled lizards
  6 goblins
  7 rats
239 creatures vanquished.

Vanquished Creatures (others)
  2 fungi (D:3)
  3 plants
5 creatures vanquished.

Grand Total: 244 creatures vanquished
